 Dungeon Crawl Stone Soup version 0.23.0 (webtiles) character file.

Game seed: 4018145516413842437

42 Laan the Shield-Bearer (level 3, 0/23 HPs)
             Began as a Gargoyle Fighter on Feb 8, 2019.
             Slain by Sigmund
             ... wielding a +0 scythe
              (6 damage)
             ... on level 2 of the Dungeon.
             The game lasted 00:01:56 (1085 turns).

Laan the Shield-Bearer (Gargoyle Fighter)           Turns: 1085, Time: 00:01:56

Health: 0/23       AC: 12    Str: 22 (23) XL:     3   Next: 56%
Magic:  3/3        EV:  7    Int:  7 (8)  God:
Gold:   58         SH:  0    Dex:  8 (9)  Spells: 2/2 levels left

rFire    + . .     SeeInvis .   a - +0 war axe
rCold    . . .     Gourm    .   c - +0 shield
rNeg     + . .     Faith    .   b - +0 scale mail
rPois    ∞         Spirit   .   (no helmet)
rElec    +         Reflect  .   (no cloak)
rCorr    .         Harm     .   (no gloves)
MR       .....                  i - +0 pair of boots
Stlth    ..........             (no amulet)
HPRegen  0.07/turn              n - ring of protection from fire
MPRegen  0.08/turn              (no ring)

@: confused, mighty
A: big wings, rugged brown scales 1, negative energy resistance 1, electricity
resistance, weak 1, wild magic 1, unbreathing, petrification resistance, rot
immunity, AC +3
a: Fly


You were on level 2 of the Dungeon.
You were hungry.

You visited 1 branch of the dungeon, and saw 2 of its levels.

You collected 58 gold pieces.

Inventory:

Hand Weapons
 a - a +0 war axe (weapon)
Armour
 b - a +0 scale mail (worn)
 c - a +0 shield (worn)
 i - a +0 pair of boots (worn)
Jewellery
 n - a ring of protection from fire (left hand)
Scrolls
 e - a scroll of magic mapping {unknown}
 h - 3 scrolls of remove curse {unknown}
 k - 2 scrolls of teleportation {unknown}
Potions
 m - a potion of berserk rage {unknown}
Comestibles
 f - 2 rations


   Skills:
 - Level 3.6 Fighting
 * Level 2.8 Axes
 - Level 3.2 Armour
 + Level 3.7 Shields


You had 2 spell levels left.
You didn't know any spells.
Your spell library was empty.

Dungeon Overview and Level Annotations

Branches:
Dungeon (2/15)

Altars:

Annotations:
D:2 Sigmund


Innate Abilities, Weirdness & Mutations

You are resistant to torment.
Your stone body is resilient. (AC +3)
You are immune to poison.
You resist negative energy. (rN+)
You are resistant to electric shocks. (rElec)
You can survive without breathing.
You are immune to petrification.
You are immune to rotting.
Your large and strong wings let you fly indefinitely.
You are partially covered in rugged brown scales. (AC +1, +3% HP)
You are weak. (Str -2)
Your spells are a little harder to cast, but a little more powerful.


Message History

The magic dart hits you!
You hear some strange, mumbled words.
You are confused.
Something hits you but does no damage.
You hear some strange, mumbled words.
A puff of flame appears from out of thin air!
The puff of flame hits you. You resist.
* * * LOW HITPOINT WARNING * * *
It was a potion of degeneration.
There was something very wrong with that liquid.
You feel weakened.
You feel dopey.
You feel clumsy.
You hear some strange, mumbled words.
A magic dart appears from out of thin air!
The magic dart hits you but does no damage.
It was a potion of mutation.
You feel extremely strange.
Your wings grow larger and stronger.
You feel weaker.
You feel less in control of your magic.
Rugged brown scales grow over part of your body.
Something hits you.
You die...

##.........#
..........#
##.........#
#..........##
##.....(.....#
#.........$...
#.#...{.....#
##.#...@....#
#..#.#...).##
#.<#######
.........#
.........#
...).....#
.........#
#######...
####


There were no monsters in sight!

Vanquished Creatures
  2 dart slugs (D:1)
  2 giant cockroaches (D:1)
  5 hobgoblins (D:1)
  8 jackals (D:1)
  8 bats
  3 goblins (D:1)
  3 kobolds (D:1)
  2 rats (D:1)
33 creatures vanquished.

Notes
Turn   | Place    | Note
-------+----------+-------------------------------------------
     0 | D:1      | Laan the Gargoyle Fighter began the quest for the Orb.
     0 | D:1      | Reached XP level 1. HP: 14/14 MP: 1/1
   146 | D:1      | Reached XP level 2. HP: 17/19 MP: 2/2
   390 | D:1      | Reached XP level 3. HP: 23/23 MP: 3/3
  1069 | D:2      | Noticed Sigmund
  1085 | D:2      | Gained mutation: Your large and strong wings let you fly
                  | indefinitely. [potion of mutation]
  1085 | D:2      | Gained mutation: You are weak. (Str -2) [potion of
                  | mutation]
  1085 | D:2      | Gained mutation: Your spells are a little harder to cast,
                  | but a little more powerful. [potion of mutation]
  1085 | D:2      | Gained mutation: You are partially covered in rugged brown
                  | scales. (AC +1, +3% HP) [potion of mutation]
  1085 | D:2      | Slain by Sigmund

Skill      XL: |  1 |
---------------+----+-----
Axes           | 2 |  2.8
Fighting       | |  3.6
Armour         | |  3.2
Shields        | |  3.7

Action                   || total
-------------------------++-------
Melee: War axe           ||   128
  Use: Potion            ||     3
Armor: Scale mail        ||   112
Dodge: Dodged            ||    45
Block: Shield            ||   105
